 Dungeon Crawl Stone Soup version 0.32-a0-473-gd044c6f0f0 (webtiles) character file.

Game seed: 5194507064155919210

62170 Ruich the Severer (level 15, 0/103 HPs)
             Began as a Tengu Berserker on Feb 26, 2024.
             Was a High Priest of Trog.
             Killed from afar by Sonja (15 damage)
             ... with a bolt of light
             ... on level 10 of the Dungeon.
             The game lasted 01:00:03 (21979 turns).

Ruich the Severer (Tengu Berserker)                Turns: 21979, Time: 01:00:04

Health: 0/103      AC: 22    Str: 28    XL:     15   Next: 5%
Magic:  5/5        EV: 17    Int:  7    God:    Trog [*****.]
Gold:   890        SH:  0    Dex: 14    Spells: 14/14 levels left

rFire   + . .        V - +5 executioner's axe (antimagic)
rCold   + + .        (shield currently unavailable)
rNeg    . . .        W - +3 plate armour {rC+}
rPois   +            R - +2 hat
rElec   .            j - scarf {rC+ rF+}
rCorr   .            v - +2 pair of gloves
SInv    .            (boots unavailable)
Will    ++...        T - amulet of regeneration Stlth
                     J - ring of poison resistance
HPRegen 1.17/turn    S - ring of the Fool {Wiz Will+ Str+3}
MPRegen 0.09/turn

%: acrobat, wizardry (x1)
@: confused, corroded, flying
A: beak, talons 3, evasive flight, acrobatic
a: Renounce Religion, Berserk, Trog's Hand, Brothers in Arms


You were on level 10 of the Dungeon.
You worshipped Trog.
Trog was extremely pleased with you.
You visited 4 branches of the dungeon, and saw 18 of its levels.
You also visited: Bailey and Gauntlet.

You collected 2524 gold pieces.
You spent 1634 gold pieces at shops.


Innate Abilities, Weirdness & Mutations

You have a beak for a mouth.
You have claws for feet.
Your magical flight helps you evade attacks. (EV +4)
You can magically evade attacks while moving or waiting.


   Skills:
 + Level 15.4 Fighting
 * Level 18.1 Axes
 + Level 16.9 Armour
 - Level 11.0 Dodging
 - Level 5.0 Stealth
 - Level 1.5 Shields


You had 14 spell levels left.
You didn't know any spells.
Your spell library was empty.

Inventory:

Hand Weapons
 r - a +2 battleaxe
 y - a +4 broad axe of venom
 V - a +5 antimagic executioner's axe (weapon)
Missiles
 i - 3 curare-tipped darts (quivered) {=f}
 s - 15 poisoned darts
 t - 98 stones
 z - a throwing net {=f}
 D - 16 boomerangs
 M - 12 javelins
Armour
 j - a scarf of resistance (worn)
 u - a +2 cloak
 v - a +2 pair of gloves (worn)
 R - a +2 hat (worn)
 W - a +3 plate armour of cold resistance (worn)
Jewellery
 a - a +6 ring of strength
 d - a +4 ring of protection
 h - a +5 ring of evasion
 B - a ring of ice
 F - a +5 ring of evasion
 J - a ring of poison resistance (left hand)
 K - the ring of Midsummer {rN+ Int+5 Dex+6}
   (You found it in a Gauntlet)

   [ring of dexterity]

   Int+5:     It affects your intelligence (+5).
   Dex+6:     It affects your dexterity (+6).
   rN+:       It protects you from negative energy.
 L - the amulet of Darkness {RegenMP rPois rCorr Slay+3}
   (You took it off a minotaur in a Gauntlet)

   [amulet of magic regeneration]

   RegenMP:   It increases your rate of magic regeneration.
   Slay+3:    It affects your accuracy & damage with ranged weapons and melee
   (+3).
   rPois:     It protects you from poison rCorr: It protects you from acid and
   corrosion.
 S - the ring of the Fool (right hand) {Wiz Will+ Str+3}
   (You bought it in a shop on level 1 of the Dungeon)

   [ring of wizardry]

   Wiz:       It improves your spell success rate.
   Str+3:     It affects your strength (+3).
   Will+:     It increases your willpower.
 T - an amulet of regeneration (around neck)
Wands
 f - a wand of paralysis (6)
 O - a wand of polymorph (6)
Scrolls
 c - 2 scrolls of poison
 e - 7 scrolls of teleportation {@r2}
 l - 2 scrolls of vulnerability
 m - 3 scrolls of immolation
 q - 4 scrolls of noise
 A - a scroll of enchant armour
 E - 3 scrolls of fog
 H - 2 scrolls of fear
Potions
 b - 3 potions of attraction
 g - 4 potions of berserk rage {!q}
 k - 3 potions of invisibility
 n - 6 potions of curing {@q1}
 o - a potion of ambrosia
 p - a potion of resistance {unknown}
 w - a potion of enlightenment
 x - 3 potions of cancellation
 C - a potion of might {unknown}
 G - 3 potions of mutation
 N - a potion of heal wounds {@q2}
 Q - a potion of experience {unknown}
Miscellaneous
 I - a tin of tremorstones (2/2)
 P - a phantom mirror

Dungeon Overview and Level Annotations

Branches:
Dungeon (10/15)            Temple (0/1) D:4            Lair (5/5) D:9
 Shoals (0/4) Lair:3        Snake (1/4) Lair:2        Slime (0/5) Lair:5
    Orc (2/2) D:9             Elf (0/3) Orc:2        Bailey (visited)
Gauntlet (visited)

Altars:
Ashenzari
Cheibriados
Dithmenos
Kikubaaqudgha
Makhleb
Nemelex Xobeh
Okawaru
Ru
Sif Muna
Uskayaw
Wu Jian
Xom
Zin

Shops:
D:1 =:[[=   Orc:2 :!!*[

Annotations:
D:10 Sonja
Lair:5 3 exclusions

......._....#.#.#..###..#
....≈≈...≈≈.#.#.##.# #..#
###.≈...D.≈.#...##.###..##
....≈.≈.......##.......#
.≈≈.≈≈...............#
.......##.#.##..##..##
......###D#.##..##..#
....................#
........K...@.......##
..#.####.§#.#........#
#....#.##T.#...##
#..##.#.##..#...#
................ ..
##.#####.#.##..#.. #.
#.#.##..#... # #.#.##..#
.. ... .... ...


You could see Sonja (magic disrupted), an acid dragon (catching breath, ally
target) and a friendly iron troll (summoned, berserk).


Message History

Sonja is heavily wounded.
Sonja hits you but does no damage. Space warps horribly around you!!
* * * LOW HITPOINT WARNING * * *
Sonja hits you with a +1 short sword of distortion.
* * * LOW HITPOINT WARNING * * *
Space warps horribly around you!!
* * * LOW HITPOINT WARNING * * *
Sonja hits you but does no damage. Space warps around you.
* * * LOW HITPOINT WARNING * * *
Sonja misses you. Sonja hits you but does no damage.
You blink.
The acid dragon spits acid at you.
* * * LOW HITPOINT WARNING * * *
The acid corrodes you!
Unknown command.
Unknown command.
Unknown command.
Unknown command.
Unknown command.
Unknown command.
Unknown command.
Unknown command.
Unknown command.
Use which ability? (? or * to list)
Your iron troll goes berserk!
Sonja zaps a wand.
You are confused.
You die...
Sonja says, "Show's over."

Skill      XL: |  1  2  3  4  5  6  7  8  9 10 11 12 13 14 |
---------------+-------------------------------------------+-----
Axes           | 4 5 6 7 8 10 11 13 15 16 18 | 18.1
Armour         | 3 4 5 7 8 10 12 14 16 | 16.9
Dodging        | 3 4 5 7 8 9 10 11 | 11.0
Fighting       | 4 5 6 8 10 12 13 15 | 15.4
Stealth        | 4 5 |  5.0
Shields        | 1 |  1.5

Action                     |  1- 3 |  4- 6 |  7- 9 | 10-12 | 13-15 || total
---------------------------+-------+-------+-------+-------+-------++-------
  Melee: War axe           |    71 |    74 |   200 |       |       ||   345
         Hand axe          |     4 |       |       |       |       ||     4
         Kick              |    16 |    19 |    59 |   128 |   193 ||   415
         Peck              |     7 |    18 |    31 |    79 |   130 ||   265
         Broad axe         |       |       |    16 |   356 |   432 ||   804
         Executioner's axe |       |       |       |       |   219 ||   219
  Throw: Dart              |       |       |       |     3 |       ||     3
 Invoke: Berserk           |       |     3 |     3 |    10 |     7 ||    23
         Trog's Hand       |       |       |     2 |     5 |       ||     7
         Brothers in Arms  |       |       |       |     2 |     1 ||     3
  Evoke: Wand              |       |       |       |     1 |       ||     1
    Use: Scroll            |       |    11 |     5 |     6 |    10 ||    32
         Potion            |       |       |       |     4 |       ||     4
 Armour: Leather armour    |     9 |       |       |       |       ||     9
         Scale mail        |    13 |    41 |       |       |       ||    54
         Chain mail        |       |     2 |    83 |    81 |       ||   166
         Plate armour      |       |       |       |    92 |   281 ||   373
  Dodge: Dodged            |    58 |    51 |   180 |   419 |   764 ||  1472
  Block: Buckler           |       |       |       |       |    10 ||    10

Levels and vault maps discovered:
D:1:      mrwooster_arrival_arrow, layout_rooms, serial_shops, shop, shop,
          nicolae_shop_peninsula, shop, shop, chequers_serial_rivers_room_b
D:2:      layout_loops_corners, basic_altar
D:3:      layout_basic, uniq_natasha
D:4:      layout_gridville, mainiacjoe_overflow_catwalk_spiral,
          minmay_temple_entry_wispy
D:5:      layout_basic, mainiacjoe_overflow_tiny_flanked,
          nicolae_uskayaw_en_pointe, cheibriados_altar_1
D:6:      layout_loops_ring, lemuel_round_altar, minmay_starry_boxes, uniq_pikel
D:7:      layout_loops_ring, uniq_menkaure, uniq_jeremiah
D:8:      layout_layer_cave, nzn_wu_jian_council_hall, zin_treasury,
          enter_bailey_6
D:9:      layout_basic, marbit_many_paths, lemuel_tele_altar,
          lemuel_crystal_altar, hellmonk_lair_entry_icy,
          minmay_mirror_moons_of_madness, uniq_erica
D:10:     layout_basic, lemuel_coloured_pillars_altar,
          mainiacjoe_overflow_24_doors, mainiacjoe_overflow_small_starburst,
          uniq_lodul, uniq_fannar, uniq_sonja
Lair:1:   layout_regular_city, minmay_holes, beast_lair_carwin_5,
          grunt_megastairs_2, uniq_joseph, uniq_maggie, uniq_prince_ribbit2
Lair:2:   layout_long_grid, minmay_snake_entry_six_corridors,
          gauntlet_entry_generic
Lair:3:   layout_small_grid, elwin_shoals_entry_stream, grunt_megastairs_4,
          uniq_nergalle
Lair:4:   layout_cave_pods, st_stairs_8, wad_woods_road_06, worms_lemuel
Lair:5:   minmay_lair_end_enchanted_forest, layout_regular_city, slime_entry_1,
          basic_altar, bobbens_ice_dragon_lair
Snake:1:  layout_chambers, hangedman_snake_pattern
Orc:1:    layout_caves, guppyfry_library_mini, uniq_josephine
Orc:2:    st_orc_rangers, layout_caves, serial_shops, nicolae_shop_tiny_glass,
          enter_volcano_4

Notes
Turn   | Place    | Note
-------+----------+-------------------------------------------
     0 | D:1      | Ruich the Tengu Berserker began the quest for the Orb.
     0 | D:1      | Reached XP level 1. HP: 14/14 MP: 2/2
   112 | D:1      | Found Qucikusafi's Armour Boutique.
   112 | D:1      | Found Xoall's Jewellery Emporium.
   185 | D:1      | Reached XP level 2. HP: 19/19 MP: 3/3
   257 | D:1      | Found Ylac's Antique Armour Boutique.
   413 | D:1      | Found Initar's Jewellery Boutique.
   487 | D:1      | Found Hoguc's Book Shop.
   589 | D:2      | Reached XP level 3. HP: 23/23 MP: 4/4
   624 | D:2      | Reached ** piety under Trog
   758 | D:2      | Reached skill level 4 in Axes
  1139 | D:2      | Found a shimmering altar of Xom.
  1662 | D:3      | Reached XP level 4. HP: 28/28 MP: 5/5
  1695 | D:3      | Reached skill level 3 in Armour
  1695 | D:3      | Reached skill level 3 in Dodging
  1834 | D:3      | Reached XP level 5. HP: 27/32 MP: 6/6
  2005 | D:3      | Noticed Natasha
  2010 | D:3      | Killed Natasha
  2044 | D:3      | Reached *** piety under Trog
  2045 | D:3      | Reached skill level 5 in Axes
  2342 | D:3      | Noticed Natasha
  2354 | D:3      | Killed Natasha
  2355 | D:3      | Reached XP level 6. HP: 14/38 MP: 7/7
  2464 | D:3      | Noticed Natasha
  2472 | D:3      | Killed Natasha
  2678 | D:4      | Found a shimmering altar of Xom.
  2764 | D:4      | Found an iron altar of Okawaru.
  2951 | D:4      | Noticed a black bear
  2955 | D:4      | Reached skill level 4 in Fighting
  2957 | D:4      | Killed a black bear
  2958 | D:4      | Reached skill level 4 in Dodging
  3085 | D:4      | Reached skill level 6 in Axes
  3085 | D:4      | Reached skill level 4 in Armour
  3085 | D:4      | Gained mutation: Your magical flight helps you evade
                  | attacks. (EV +4) [Tengu growth]
  3085 | D:4      | Reached XP level 7. HP: 44/44 MP: 8/8
  3106 | D:4      | Found a staircase to the Ecumenical Temple.
  3678 | D:5      | Entered Level 5 of the Dungeon
  3797 | D:5      | Found a snail-covered altar of Cheibriados.
  3850 | D:5      | Found an ancient bone altar of Kikubaaqudgha.
  4062 | D:5      | Noticed a +0 short sword
  4065 | D:5      | Noticed a +0 dagger
  4065 | D:5      | Noticed a +0 falchion
  4066 | D:5      | Noticed a +0 short sword
  4066 | D:5      | Noticed a +0 falchion
  4066 | D:5      | Noticed a +0 spear
  4067 | D:5      | Noticed a +0 dagger
  4067 | D:5      | Noticed a +0 spear
  4089 | D:5      | Found a hide-covered altar of Uskayaw.
  4536 | D:6      | Noticed Pikel
  4552 | D:6      | Reached skill level 7 in Axes
  4552 | D:6      | Reached XP level 8. HP: 48/48 MP: 9/9
  4558 | D:6      | Killed Pikel
  4559 | D:6      | Reached skill level 5 in Fighting
  4559 | D:6      | Reached skill level 5 in Armour
  4559 | D:6      | Reached skill level 5 in Dodging
  4621 | D:6      | Reached skill level 8 in Axes
  4733 | D:6      | Reached XP level 9. HP: 55/55 MP: 10/10
  4846 | D:6      | Reached skill level 6 in Armour
  4854 | D:5      | Reached skill level 6 in Dodging
  4937 | D:6      | Found a broken altar of Ashenzari.
  5037 | D:6      | Reached skill level 6 in Fighting
  5403 | D:7      | Reached skill level 9 in Axes
  5410 | D:7      | Reached **** piety under Trog
  5848 | D:7      | Noticed Menkaure
  5854 | D:7      | Killed Menkaure
  5985 | D:7      | Reached skill level 10 in Axes
  5985 | D:7      | Reached skill level 7 in Armour
  5985 | D:7      | Reached skill level 7 in Dodging
  6228 | D:7      | Noticed Jeremiah
  6286 | D:7      | Killed Jeremiah
  6287 | D:7      | Reached XP level 10. HP: 44/58 MP: 5/11
  6558 | D:8      | Noticed a two-headed ogre
  6566 | D:8      | Killed a two-headed ogre
  6567 | D:8      | Reached skill level 7 in Fighting
  6799 | D:8      | Found a flagged portal.
  6813 | Bailey   | Entered a bailey
  7154 | Bailey   | Reached skill level 11 in Axes
  7198 | Bailey   | Noticed an orc knight
  7198 | Bailey   | Noticed an orc knight
  7198 | Bailey   | Noticed an orc knight
  7217 | Bailey   | Killed an orc knight
  7222 | Bailey   | Killed an orc knight
  7223 | Bailey   | Reached skill level 8 in Armour
  7223 | Bailey   | Reached skill level 8 in Dodging
  7228 | Bailey   | Killed an orc knight
  7591 | D:8      | Reached skill level 8 in Fighting
  7648 | D:8      | Reached XP level 11. HP: 68/68 MP: 12/12
  7819 | D:8      | Found an ornate altar of the Wu Jian Council.
  7875 | D:8      | Found a glowing silver altar of Zin.
  8285 | D:9      | Found a staircase to the Lair.
  8290 | D:9      | Reached skill level 12 in Axes
  8294 | D:9      | Reached skill level 9 in Armour
  8350 | D:9      | Noticed a two-headed ogre
  8354 | D:9      | Noticed a boulder beetle
  8362 | D:9      | Noticed Erica
  8374 | D:9      | Killed Erica
  8516 | D:9      | Noticed a cyclops
  8522 | D:9      | Killed a cyclops
  8723 | D:9      | Killed a boulder beetle
  8724 | D:9      | Reached skill level 9 in Fighting
  8726 | D:9      | Killed a two-headed ogre
  8727 | D:9      | Reached skill level 9 in Dodging
  8752 | D:9      | HP: 4/71 [something (5)]
  9089 | D:9      | Found a burning altar of Makhleb.
  9106 | D:9      | Reached skill level 10 in Armour
  9168 | D:9      | Found a sparkling altar of Nemelex Xobeh.
  9261 | D:9      | Found a shadowy altar of Dithmenos.
  9710 | D:9      | Found a staircase to the Orcish Mines.
 10007 | D:1      | Bought a ring of poison resistance for 240 gold pieces
 10211 | Lair:1   | Entered Level 1 of the Lair of Beasts
 10217 | Lair:1   | Reached skill level 13 in Axes
 10477 | Lair:1   | Noticed Joseph
 10490 | Lair:1   | Killed Joseph
 10490 | Lair:1   | Reached ***** piety under Trog
 10612 | Lair:1   | Reached skill level 10 in Fighting
 10618 | Lair:1   | Reached XP level 12. HP: 67/77 MP: 11/13
 10702 | Lair:1   | Noticed a catoblepas
 10716 | Lair:1   | Killed a catoblepas
 11066 | Lair:1   | Noticed a boulder beetle
 11074 | Lair:1   | Reached skill level 11 in Armour
 11089 | Lair:1   | Killed a boulder beetle
 11094 | Lair:1   | Reached skill level 10 in Dodging
 11097 | Lair:1   | Reached skill level 14 in Axes
 11505 | Lair:1   | Reached skill level 11 in Fighting
 11723 | Lair:1   | Noticed Maggie
 11745 | Lair:1   | Killed Maggie
 12032 | Lair:1   | Noticed Prince Ribbit
 12036 | Lair:1   | Reached skill level 12 in Armour
 12039 | Lair:1   | Killed Prince Ribbit
 12267 | Lair:2   | Found a gate leading to a gauntlet.
 12286 | Lair:2   | Noticed a five-headed hydra
 12288 | Gauntlet | Entered a Gauntlet
 12288 | Gauntlet | Found a large runed translucent door.
 12288 | Gauntlet | Found a large runed translucent door.
 12288 | Gauntlet | Found a large runed translucent door.
 12288 | Gauntlet | Found a large runed translucent door.
 12288 | Gauntlet | Found a transporter.
 12288 | Gauntlet | Found a runed translucent door.
 12288 | Gauntlet | Found a large runed translucent door.
 12288 | Gauntlet | Found a large runed translucent door.
 12288 | Gauntlet | Found a large runed translucent door.
 12288 | Gauntlet | Found a large runed translucent door.
 12288 | Gauntlet | Found a runed translucent gate.
 12288 | Gauntlet | Found a runed translucent gate.
 12288 | Gauntlet | Found a transporter.
 12288 | Gauntlet | Found a transporter.
 12288 | Gauntlet | Found a runed translucent gate.
 12304 | Gauntlet | Found a runed translucent gate.
 12305 | Gauntlet | Found a runed translucent gate.
 12314 | Gauntlet | Found a transporter.
 12314 | Gauntlet | Found a transporter.
 12317 | Gauntlet | Found a transporter.
 12329 | Gauntlet | Found a transporter.
 12329 | Gauntlet | Found a transporter.
 12330 | Gauntlet | Found a transporter.
 12331 | Gauntlet | Found a transporter.
 12343 | Gauntlet | Found a transporter.
 12343 | Gauntlet | Noticed a great orb of eyes
 12348 | Gauntlet | Found a transporter.
 12395 | Gauntlet | Found a runed translucent gate.
 12396 | Gauntlet | Found a large runed translucent door.
 12396 | Gauntlet | Found a large runed translucent door.
 12397 | Gauntlet | Found a large runed translucent door.
 12398 | Gauntlet | Found a large runed translucent door.
 12399 | Gauntlet | Found a large runed translucent door.
 12399 | Gauntlet | Found a large runed translucent door.
 12399 | Gauntlet | Found a runed translucent door.
 12400 | Gauntlet | Found a large runed translucent door.
 12401 | Gauntlet | Found a large runed translucent door.
 12596 | Gauntlet | Identified the +1 pair of boots of the Watchman {rPois
                  | rF++}
 12598 | Gauntlet | Identified the ring of Midsummer {rN+ Int+5 Dex+6}
 12616 | Gauntlet | Identified the staff "Isoipnia" {Fly Int-4 Stlth+ Conj
                  | Fire}
 12616 | Gauntlet | Identified the amulet of Darkness {RegenMP rPois rCorr
                  | Slay+3}
 12616 | Gauntlet | Noticed a minotaur
 12627 | Gauntlet | Killed a minotaur
 12628 | Gauntlet | Reached skill level 15 in Axes
 12771 | Lair:2   | Killed a nine-headed hydra
 12772 | Lair:2   | Reached skill level 12 in Fighting
 12772 | Lair:2   | Reached XP level 13. HP: 86/86 MP: 12/14
 12906 | Lair:2   | Reached skill level 13 in Armour
 12944 | Lair:2   | Reached skill level 11 in Dodging
 12970 | Lair:2   | Found a staircase to the Snake Pit.
 13443 | Lair:2   | Reached skill level 1 in Stealth
 14280 | Snake:1  | Entered Level 1 of the Snake Pit
 14291 | Lair:2   | Reached skill level 2 in Stealth
 14582 | Lair:3   | Noticed Nergalle
 14591 | Lair:3   | Killed Nergalle
 14920 | Lair:3   | Reached skill level 13 in Fighting
 14920 | Lair:3   | Reached skill level 16 in Axes
 14924 | Lair:3   | Found a staircase to the Shoals.
 14934 | Lair:3   | Reached skill level 3 in Stealth
 14937 | Lair:3   | Reached skill level 14 in Armour
 15651 | Lair:4   | Received a gift from Trog
 15888 | Lair:4   | Reached skill level 4 in Stealth
 16345 | Lair:5   | Entered Level 5 of the Lair of Beasts
 16363 | Lair:5   | Reached XP level 14. HP: 95/95 MP: 15/15
 16889 | Lair:5   | Found a hide-covered altar of Uskayaw.
 16974 | Lair:5   | Reached skill level 15 in Armour
 16974 | Lair:5   | Reached skill level 5 in Stealth
 16984 | Lair:5   | Reached skill level 14 in Fighting
 17008 | Lair:5   | Reached skill level 17 in Axes
 17051 | Lair:5   | Found a staircase to the Slime Pits.
 17446 | Lair:5   | Identified a +1 robe of resistance
 18559 | Lair:5   | Reached skill level 1 in Shields
 19504 | Orc:1    | Entered Level 1 of the Orcish Mines
 19676 | Orc:1    | Noticed an orc warlord
 19693 | Orc:1    | Killed an orc warlord
 20012 | Orc:2    | Entered Level 2 of the Orcish Mines
 20041 | Orc:2    | Reached skill level 16 in Armour
 20270 | Orc:2    | Received a gift from Trog
 20304 | Orc:1    | Reached skill level 15 in Fighting
 20388 | Orc:2    | Found Oped's Book Shop.
 20403 | Orc:1    | Noticed Josephine
 20411 | Orc:1    | Killed Josephine
 20412 | Orc:1    | Reached skill level 18 in Axes
 20668 | Orc:2    | Found Xazexu's General Store.
 20668 | Orc:2    | Found Oxzurgh's Distillery.
 20668 | Orc:2    | Found Yfyi's Distillery.
 20673 | Orc:2    | Found Uliteber's Armour Shoppe.
 20744 | Orc:2    | Found a staircase to the Elven Halls.
 21160 | Orc:2    | Bought a scarf of resistance for 448 gold pieces
 21395 | D:1      | Bought the ring of the Fool {Wiz Will+ Str+3} for 586 gold
                  | pieces
 21395 | D:1      | Bought an amulet of regeneration for 360 gold pieces
 21577 | D:10     | Entered Level 10 of the Dungeon
 21654 | D:10     | Found a shimmering blue altar of Sif Muna.
 21703 | D:10     | Reached XP level 15. HP: 90/103 MP: 5/16
 21794 | D:10     | Noticed Lodul
 21804 | D:10     | Killed Lodul
 21871 | D:10     | Found a sacrificial altar of Ru.
 21955 | D:10     | Noticed Sonja
 21979 | D:10     | Killed from afar by Sonja

Vanquished Creatures
  An orc warlord (Orc:1)
  A minotaur (Gauntlet)
  An ice dragon (Lair:5)
  Josephine (Orc:1)
  2 hydras
  A catoblepas (Lair:1)
  3 two-headed ogres
  A centaur warrior (Orc:2)
  Erica (D:9)
  A naga warrior (Lair:2)
  2 boulder beetles
  Nergalle (Lair:3)
  A skyshark (Lair:5)
  Lodul (D:10)
  Pikel (D:6)
  4 orc knights
  A cyclops (D:9)
  A merfolk siren (Lair:3)
  3 meliai (Gauntlet)
  7 black mambas
  3 elephants (Lair:2)
  6 kobold blastminers
  A guardian serpent (Lair:2)
  A torpor snail (Lair:4)
  11 cane toads
  Joseph (Lair:1)
  4 komodo dragons
  6 rime drakes
  Maggie (Lair:1)
  Jeremiah (D:7)
  4 trolls
  3 merfolk (Lair:3)
  2 tyrant leeches (Lair:4)
  7 hornets
  23 blink frogs
  4 polar bears (Lair:5)
  Prince Ribbit (Lair:1)
  A dream sheep (Lair:5)
  4 wraiths
  14 spriggans (Lair:5)
  8 wyverns
  23 yaks
  2 vampires (D:9)
  A warg (Orc:1)
  3 basilisks
  A steam dragon (D:7)
  Menkaure (D:7)
  23 water moccasins
  4 swamp worms (Lair:4)
  4 ice beasts (D:9)
  43 orc warriors
  A sky beast (D:8)
  7 black bears
  3 laughing skulls (Gauntlet)
  2 boggarts (Lair:5)
  28 wolves
  14 ogres
  2 lemures (D:6)
  9 centaurs
  4 phantoms
  11 bullfrogs
  2 gnoll sergeants
  5 scorpions
  4 wights
  5 killer bees (D:8)
  2 howler monkeys (D:6)
  An electric eel (D:9)
  A bombardier beetle (D:3)
  3 hounds (D:6)
  2 jellies (D:6)
  14 orc priests
  5 hell rats (Lair:3)
  Natasha (thrice) (D:3)
  5 iguanas
  19 orc wizards
  10 gnolls
  5 adders
  3 shadow imps
  3 white imps (Lair:5)
  2 ufetubi
  3 dart slugs
  80 orcs
  5 ball pythons
  5 bats
  10 endoplasms
  3 giant cockroaches
  9 goblins
  6 hobgoblins
  4 quokkas
  2 frilled lizards
  7 kobolds
  7 rats
562 creatures vanquished.

Vanquished Creatures (collateral kills)
  2 cane toads (Lair:1)
  2 komodo dragons (Lair:1)
  2 blink frogs (Lair:1)
  A bullfrog (Lair:1)
7 creatures vanquished.

Grand Total: 569 creatures vanquished

Table legend: (Time is in decaauts)
 A = Elapsed time spent in this place.
 B = Non-inter-level travel time spent in this place.
 C = Inter-level travel time spent in this place.
 D = Time resting spent in this place.
 E = Time spent auto-exploring this place.
 F = Levels seen in this place.
 G = Mean time per level.
                   A        B        C        D        E       F      G
               +--------+--------+--------+--------+--------+-----+--------+
         Total |  22198 |  20723 |   1475 |   6316 |   9843 |  20 | 1109.9 |
       Dungeon |  10817 |   9734 |   1083 |   1967 |   5932 |  10 | 1081.7 |
          Lair |   8578 |   8299 |    279 |   3596 |   3029 |   5 | 1715.6 |
     Snake Pit |      1 |      1 |      0 |      0 |      0 |   1 |    1.0 |
  Orcish Mines |   1718 |   1606 |    112 |    296 |    746 |   2 |  859.0 |
        Bailey |    575 |    575 |      0 |    250 |     83 |   1 |  575.0 |
      Gauntlet |    506 |    506 |      0 |    206 |     53 |   1 |  506.0 |
               +--------+--------+--------+--------+--------+-----+--------+

Top non-repeatable levels by time:
  Lair:5: 2725 daAuts
  Lair:1: 1898 daAuts
     D:9: 1832 daAuts
  Lair:2: 1810 daAuts
     D:3: 1566 daAuts
     D:8: 1286 daAuts
  Lair:4: 1232 daAuts
     D:6: 1177 daAuts
     D:7: 1066 daAuts
     D:2: 1062 daAuts
  Lair:3: 912 daAuts
     D:4: 907 daAuts
   Orc:2: 880 daAuts
   Orc:1: 837 daAuts
     D:5: 825 daAuts

Table legend:
 A = Non-vault XP
 B = Vault XP
 C = Vault XP percentage of total XP
 D = Non-vault monster count
 E = Vault monster count
 F = Vault count percentage of total count
                 A         B        C        D         E       F
            +---------+---------+-------+---------+---------+-------
      Total |   45524 |   43291 |  48.7 |     367 |     200 |  35.3
            +---------+---------+-------+---------+---------+-------
        D:1 |      30 |       0 |   0.0 |      17 |       0 |   0.0
        D:2 |      49 |       0 |   0.0 |      23 |       0 |   0.0
        D:3 |     241 |      35 |  12.7 |      21 |       1 |   4.5
        D:4 |     468 |       0 |   0.0 |      20 |       0 |   0.0
        D:5 |     490 |       0 |   0.0 |      11 |       0 |   0.0
        D:6 |    1116 |     759 |  40.5 |      19 |       4 |  17.4
        D:7 |    1239 |     549 |  30.7 |      19 |       2 |   9.5
        D:8 |    2087 |       0 |   0.0 |      21 |       0 |   0.0
        D:9 |    1213 |    4744 |  79.6 |      13 |      17 |  56.7
       D:10 |    2261 |    1585 |  41.2 |       8 |       8 |  50.0
     Lair:1 |    6576 |    4916 |  42.8 |      21 |      19 |  47.5
     Lair:2 |    9142 |    2392 |  20.7 |      28 |       9 |  24.3
     Lair:3 |    2745 |    2796 |  50.5 |      14 |       7 |  33.3
     Lair:4 |    4110 |    1848 |  31.0 |      21 |       8 |  27.6
     Lair:5 |    7134 |    9454 |  57.0 |      27 |      45 |  62.5
      Orc:1 |    4388 |    1822 |  29.3 |      39 |      12 |  23.5
      Orc:2 |    2235 |    6621 |  74.8 |      45 |      38 |  45.8
     Bailey |       0 |    2376 | 100.0 |       0 |      21 | 100.0
   Gauntlet |       0 |    3394 | 100.0 |       0 |       9 | 100.0
            +---------+---------+-------+---------+---------+-------
